 Dungeon Crawl Stone Soup version 0.31.0-1-g2c135a0 (webtiles) character file.

Game seed: 9696808559693035307

7562 malcoda the Cleaver (level 11, -3/154 HPs)
             Began as a Naga Berserker on Apr 13, 2024.
             Was a High Priest of Trog.
             Slain by a troll (8 damage)
             ... on level 9 of the Dungeon.
             The game lasted 00:58:26 (10940 turns).

malcoda the Cleaver (Naga Berserker)               Turns: 10940, Time: 00:58:26

Health: -3/154     AC: 16    Str: 20    XL:     11   Next: 17%
Magic:  0/11       EV:  9    Int: 12    God:    Trog [*****.]
Gold:   370        SH:  0    Dex: 10    Spells: 10/10 levels left

rFire   . . .        P - +1 war axe (flame)
rCold   + . .        (no shield)
rNeg    . . .        a - +2 ring mail {rC+}
rPois   +            i - +2 helmet
rElec   .            m - scarf {+Inv}
rCorr   .            (no gloves)
SInv    +            (no barding)
Will    +....        F - amulet of guardian spirit Stlth
                     L - +4 ring of protection
HPRegen 0.45/turn    (no ring)
MPRegen 0.12/turn

%: guardian spirit
@: berserking, quick
A: AC +3, large, see invisible, deformed body, poison resistance, slowness 2,
spit poison 1, naga tail 1
a: Spit Poison, Renounce Religion, Evoke Invisibility, Berserk, Trog's Hand,
Brothers in Arms


You were on level 9 of the Dungeon.
You worshipped Trog.
Trog was extremely pleased with you.
You visited 2 branches of the dungeon, and saw 10 of its levels.
You also visited: Sewer.

You collected 644 gold pieces.
You spent 274 gold pieces at shops.

Inventory:

Hand Weapons
 P - a +1 war axe of flaming (weapon)
Missiles
 I - 3 curare-tipped darts (quivered)
Armour
 a - a +2 ring mail of cold resistance (worn)
 i - a +2 helmet (worn)
 k - a +0 ring mail
 m - a scarf of invisibility (worn)
 t - an orb of mayhem
Magical Staves
 O - a staff of earth
Jewellery
 w - a ring of ice
 F - an amulet of guardian spirit (around neck)
 L - a +4 ring of protection (left hand)
Wands
 s - a wand of roots (8)
 D - a wand of digging (4)
 E - a wand of flame (23)
 M - a wand of light (12)
 N - a wand of charming (12)
Scrolls
 c - 3 scrolls of enchant armour
 d - a scroll of summoning
 f - 2 scrolls of revelation
 g - 4 scrolls of poison
 h - 2 scrolls of fear
 l - 5 scrolls of teleportation
 n - 3 scrolls of noise
 q - a scroll of fog
 x - 2 scrolls of identify
 y - a scroll of blinking
 z - 3 scrolls of immolation
 A - a scroll of enchant weapon
 B - 2 scrolls of amnesia
 H - 2 scrolls of vulnerability
Potions
 b - 4 potions of lignification
 e - 5 potions of curing
 j - 6 potions of brilliance
 o - 3 potions of attraction
 p - 3 potions of invisibility
 r - a potion of cancellation
 u - a potion of berserk rage {unknown}
 v - 7 potions of heal wounds
 C - 2 potions of haste


   Skills:
 * Level 8.0 Fighting
 * Level 10.9 Axes
 + Level 5.3 Armour
 + Level 3.8 Dodging
 * Level 9.0 Stealth
 * Level 5.6 Evocations


You had 10 spell levels left.
You didn't know any spells.
Your spell library contained the following spells:

 Spells                   Type           Power      Damage    Failure   Level
 Blink                    Tloc           0%         N/A       63%         2
 Cigotuvi's Dreadful Rot  Necr/Alch/Air  0%         N/A       63%         2
 Jinxbite                 Hex            0%         N/A       63%         2
 Lesser Beckoning         Tloc           0%         N/A       63%         2
 Momentum Strike          Conj/Tloc      0%         3d8       63%         2
 Ignite Poison            Fire/Alch      0%         N/A       99%         4
 Freezing Cloud           Conj/Ice/Air   0%         6-21      100%        5
 Yara's Violent Unravell  Hex/Alch       0%         3d3       100%        5
 Enfeeble                 Hex            0%         N/A       100%        7


Dungeon Overview and Level Annotations

Branches:
Dungeon (9/15)             Temple (1/1) D:4           Sewer (visited)
   Lair: D:8-11         Orc: D:9-12

Altars:
Ashenzari
Cheibriados
Dithmenos
Elyvilon
Fedhas
Gozag
Hepliaklqana
Kikubaaqudgha
Makhleb
Nemelex Xobeh
Okawaru
Qazlal
Ru
Sif Muna
Trog
Uskayaw
Vehumet
Wu Jian
Xom
Yredelemnul
Zin
The Shining One

Shops:
D:3 =   D:4 ?


Innate Abilities, Weirdness & Mutations

Your serpentine skin is tough. (AC +3)
You have supernaturally acute eyesight. (SInv)
Armour fits poorly on your strangely shaped body.
Your system is resistant to poisons. (rPois)
You cover ground very slowly.
You can spit poison.
You have a snake-like lower body.


Message History

You closely miss the troll.
The troll is almost dead.
The troll barely misses you. The troll claws you but does no damage.
The troll claws you.
* * * LOW HITPOINT WARNING * * *
You barely miss the troll.
The troll is almost dead.
The troll bites you!
* * * LOW HITPOINT WARNING * * *
The troll claws you but does no damage. x2
A red film seems to cover your vision as you go berserk!
You feel yourself moving faster!
You feel mighty! The troll bites you.
* * * LOW HITPOINT WARNING * * *
The troll barely misses you. x2
You completely miss the troll.
The troll is severely wounded.
You barely miss the troll.
The troll is severely wounded.
The troll bites you.
* * * LOW HITPOINT WARNING * * *
The troll claws you!
* * * LOW HITPOINT WARNING * * *
The troll claws you but does no damage.
You closely miss the troll.
The troll is severely wounded.
The troll bites you but does no damage. The troll claws you!
* * * LOW HITPOINT WARNING * * *
The troll closely misses you.
You closely miss the troll.
The troll is severely wounded.
You barely miss the troll.
The troll is severely wounded.
The troll bites you!
* * * LOW HITPOINT WARNING * * *
The troll barely misses you. The troll claws you.
* * * LOW HITPOINT WARNING * * *
You barely miss the troll.
The troll is severely wounded.
The troll bites you!
You die...

######## ######
#......# #.....
#......# #.....
#.....T# #.....
#.....@# #.....
#......# #.....
#......######
#.....
######......#
#..... #......#
#..... #......#
#..... #......#
#..... #......#
#.....
+......######.....


You could see a troll.

Vanquished Creatures
  3 two-headed ogres
  Pikel (D:7)
  Jeremiah (D:8)
  2 yaks (D:8)
  A wyvern (D:7)
  3 steam dragons (D:8)
  Grum (D:7)
  2 ice beasts (D:5)
  A sky beast (D:7)
  4 orc warriors
  3 wolves (D:7)
  4 phantoms
  2 centaurs (D:8)
  3 lemures (D:7)
  4 kobold brigands
  9 bullfrogs
  A scorpion (D:5)
  5 wights
  8 killer bees (D:7)
  2 howler monkeys (D:6)
  A bombardier beetle (D:4)
  10 orc priests
  4 hounds
  4 jellies
  A gnoll bouda (D:7)
  2 sleepcaps
  4 iguanas
  6 orc wizards
  4 gnolls (D:7)
  12 adders
  3 river rats (Sewer)
  4 shadow imps
  3 white imps
  2 ufetubi (D:6)
  2 dart slugs
  2 ribbon worms
  41 orcs
  10 ball pythons
  4 bats
  7 endoplasms
  3 giant cockroaches (D:3)
  11 goblins
  5 hobgoblins
  A jackal (D:2)
  12 kobolds
  6 quokkas
  10 frilled lizards
  29 rats
263 creatures vanquished.

Vanquished Creatures (others)
  An orc (D:8)
1 creature vanquished.

Grand Total: 264 creatures vanquished

Notes
Turn   | Place    | Note
-------+----------+-------------------------------------------
     0 | D:1      | malcoda the Naga Berserker began the quest for the Orb.
     0 | D:1      | Reached XP level 1. HP: 21/21 MP: 1/1
   240 | D:1      | Reached XP level 2. HP: 17/28 MP: 2/2
   457 | D:1      | Reached skill level 1 in Stealth
   603 | D:1      | Reached XP level 3. HP: 33/34 MP: 3/3
   701 | D:1      | Found a faded altar of an unknown god.
  1146 | D:2      | Reached ** piety under Trog
  1238 | D:2      | Reached XP level 4. HP: 43/44 MP: 4/4
  1343 | D:2      | Noticed a phantom
  1369 | D:2      | Killed a phantom
  1370 | D:2      | Reached skill level 4 in Axes
  1370 | D:2      | Reached XP level 5. HP: 40/50 MP: 5/5
  1758 | D:2      | Found an iron altar of Okawaru.
  2392 | D:3      | Found a glowing drain.
  2419 | Sewer    | Entered a sewer
  2599 | Sewer    | Reached *** piety under Trog
  2705 | Sewer    | Reached XP level 6. HP: 57/57 MP: 6/6
  2762 | Sewer    | Reached skill level 5 in Axes
  3316 | D:3      | Reached XP level 7. HP: 66/66 MP: 7/7
  3422 | D:3      | Found Citetepn's Jewellery Boutique.
  3882 | D:4      | Found a staircase to the Ecumenical Temple.
  3893 | Temple   | Entered the Ecumenical Temple
  3947 | D:4      | Found Yppea's Magic Scroll Shoppe.
  3981 | D:4      | Reached skill level 6 in Axes
  4106 | D:4      | Bought a scroll of blinking for 82 gold pieces
  4106 | D:4      | Bought a scroll of identify for 22 gold pieces
  4106 | D:4      | Bought a scroll of immolation for 44 gold pieces
  4106 | D:4      | Bought a scroll of enchant weapon for 82 gold pieces
  4106 | D:4      | Bought a scroll of amnesia for 44 gold pieces
  4546 | D:5      | Entered Level 5 of the Dungeon
  4628 | D:5      | Reached skill level 1 in Evocations
  4756 | D:5      | Reached **** piety under Trog
  5002 | D:5      | Reached XP level 8. HP: 73/73 MP: 8/8
  5299 | D:5      | Found a large runed translucent door.
  5299 | D:5      | Found a large runed translucent door.
  5302 | D:5      | Found a shimmering altar of Xom.
  5356 | D:5      | Reached skill level 7 in Axes
  5709 | D:6      | Noticed a two-headed ogre
  5723 | D:6      | Killed a two-headed ogre
  5724 | D:6      | Reached skill level 5 in Fighting
  5724 | D:6      | Reached skill level 8 in Axes
  5724 | D:6      | Reached skill level 5 in Stealth
  5724 | D:6      | Reached XP level 9. HP: 51/81 MP: 3/9
  5853 | D:6      | Found a sparkling altar of Nemelex Xobeh.
  7379 | D:7      | Reached skill level 9 in Axes
  7777 | D:7      | Found a hide-covered altar of Uskayaw.
  7792 | D:7      | Reached XP level 10. HP: 91/92 MP: 10/10
  7901 | D:7      | Noticed Pikel
  7955 | D:7      | Killed Pikel
  8326 | D:7      | Found a shimmering blue altar of Sif Muna.
  8581 | D:8      | Noticed Grum
  8720 | D:7      | Killed Grum
  8955 | D:8      | Reached skill level 5 in Armour
  9050 | D:8      | Reached skill level 5 in Evocations
  9181 | D:8      | Noticed a two-headed ogre
  9190 | D:8      | Killed a two-headed ogre
  9191 | D:8      | Reached skill level 10 in Axes
  9390 | D:8      | Reached ***** piety under Trog
  9510 | D:8      | Found a shadowy altar of Dithmenos.
  9547 | D:8      | Found a blossoming altar of Fedhas.
  9822 | D:8      | Noticed Jeremiah
 10022 | D:8      | Killed Jeremiah
 10223 | D:8      | Reached XP level 11. HP: 95/95 MP: 6/11
 10651 | D:9      | Noticed a two-headed ogre
 10666 | D:9      | Killed a two-headed ogre
 10939 | D:9      | HP: 6/154 [troll (7)]
 10940 | D:9      | Slain by a troll

Illustrated notes

Levels and vault maps discovered:
D:1:      matt_arrival_refuge, layout_basic, hellmonk_ecumenical_altar_zigzags
D:2:      cheibrodos_helix_gallery, layout_basic, basic_altar,
          dreamdust_wishing_well, st_stairs_14, minmay_lizard_pond
D:3:      layout_basic, serial_shops, nicolae_shop_getting_attention,
          gup_sewer_entry_pipe, st_stairs_11
D:4:      layout_loops_ring, minmay_temple_entry_trees, serial_shops,
          nicolae_shop_window_shopping
D:5:      due_chaos_kobolds, layout_loops_ring
D:6:      layout_loops_ring, nemelex_xobeh_ov_fountains_minmay,
          minmay_misc_feat_cross
D:7:      layout_basic, mainiacjoe_overflow_tiny_flanked,
          mainiacjoe_overflow_catwalk, mrwooster_statue_mirror,
          kennysheep_another_room, uniq_pikel
D:8:      minmay_thinvault, layout_layer_cave, jmf_multi_god_temple,
          lightli_orcish_oven, uniq_jeremiah, uniq_grum
D:9:      layout_gridville
Temple:   bh_familiar_temple

Skill      XL: |  1  2  3  4  5  6  7  8  9 10 11 |
---------------+----------------------------------+-----
Stealth        | 1 2 3 4 5 7 8 9 |  9.0
Axes           | 4 5 6 8 9 10 | 10.9
Armour         | 2 3 4 5 |  5.3
Fighting       | 4 5 6 7 8 |  8.0
Dodging        | 2 3 |  3.8
Evocations     | 1 2 4 5 |  5.6

Action                     |  1- 3 |  4- 6 |  7- 9 | 10-12 || total
---------------------------+-------+-------+-------+-------++-------
  Melee: Hand axe          |    94 |   186 |   196 |   191 ||   667
         War axe           |       |    17 |    90 |    45 ||   152
         Punch             |       |     1 |     6 |     2 ||     9
  Throw: Dart              |       |       |     1 |     1 ||     2
 Invoke: Berserk           |       |     2 |     6 |     7 ||    15
         Trog's Hand       |       |       |     3 |       ||     3
Ability: Spit Poison       |    17 |    11 |    32 |     4 ||    64
  Evoke: Wand              |       |       |       |     2 ||     2
    Use: Scroll            |       |     2 |     8 |     9 ||    19
         Potion            |       |       |     2 |       ||     2
   Stab: Sleeping          |       |     1 |     1 |     5 ||     7
         Invisible         |       |       |       |     1 ||     1
 Armour: Leather armour    |    65 |       |       |       ||    65
         Animal skin       |     6 |       |       |       ||     6
         Ring mail         |       |   125 |   292 |   299 ||   716
  Dodge: Dodged            |    46 |    83 |   133 |   151 ||   413
